[Event "Team 45 45 League T77"]
[Site "Internet Chess Club"]
[Date "2018.07.22"]
[Round "5"]
[White "krysto"]
[Black "HomerSimpson"]
[Result "0-1"]
[WhiteElo "1564"]
[BlackElo "1970"]
[Opening "Nimzo-Indian: 4.e3, main line with ...c5"]
[ECO "E53"]
[Time "13:32:57"]
[TimeControl "2700+45"]

1. d4 Nf6 2. c4 e6 3. Nc3 Bb4 4. e3 O-O 5. Bd3 d5 6. Nf3 c5 7. O-O cxd4 8. exd4
dxc4 9. Bxc4 Qc7 10. Ne5 a6 11. Bd2 Rd8 12. a3 Rxd4 13. axb4 Qxe5 14. Re1 Qd6
15. Qf3 Rxd2 16. Rad1 Nbd7 17. Rxd2 Qxd2 18. Rd1 Qxb2 19. Ne4 Nxe4 20. Qxe4 Qxb4
21. Rd4 Qe7 {White resigns} 0-1

[Event "Team 45 45 League T77"]
[Site "Internet Chess Club"]
[Date "2018.07.21"]
[Round "5"]
[White "kaiclc"]
[Black "scostanzo212"]
[Result "0-1"]
[WhiteElo "1363"]
[BlackElo "1540"]
[Opening "Sicilian: Scheveningen variation"]
[ECO "B80"]
[Time "13:17:05"]
[TimeControl "2700+45"]

1. e4 c5 2. Nf3 d6 3. d4 cxd4 4. Nxd4 Nf6 5. Nc3 e6 6. Be3 a6 7. f3 b5 8. g4 h6
9. Qd2 Bb7 10. O-O-O Nbd7 11. Kb1 Nb6 12. Nb3 Rc8 13. Na5 Ba8 14. a3 Be7 15. Qf2
Rxc3 16. Bxb6 Rxf3 17. Qd4 Qc8 18. Bg2 Bxe4 19. Bxf3 Bxf3 20. g5 hxg5 21. h4
Bxd1 22. Qxd1 Qa8 23. h5 g4 24. Bd4 Qf3 25. Qxf3 gxf3 26. Rf1 Rxh5 27. Rxf3 e5
{White resigns} 0-1

[Event "Team 45 45 League T77"]
[Site "Internet Chess Club"]
[Date "2018.07.20"]
[Round "5"]
[White "ryanfu2008"]
[Black "zethhon"]
[Result "1-0"]
[WhiteElo "1453"]
[BlackElo "1335"]
[Opening "Sicilian: Kan, 5.Nc3"]
[ECO "B43"]
[Time "19:31:01"]
[TimeControl "2700+45"]

1. e4 c5 2. Nf3 e6 3. d4 cxd4 4. Nxd4 a6 5. Nc3 b5 6. a3 Bb7 7. Be2 b4 8. axb4
Bxb4 9. Qd3 Qh4 10. Bf3 Nf6 11. O-O Bxc3 12. Qxc3 Nxe4 13. Qc7 Nc6 14. Qxb7 Rb8
15. Qc7 O-O 16. Nxc6 dxc6 17. Qxc6 Rfc8 18. Qxe4 {Black resigns} 1-0

[Event "Team 45 45 League T77"]
[Site "Internet Chess Club"]
[Date "2018.07.20"]
[Round "5"]
[White "Arthurhon"]
[Black "Pawnchain"]
[Result "0-1"]
[WhiteElo "1366"]
[BlackElo "1411"]
[Opening "Queen's pawn game, Chigorin variation"]
[ECO "D02"]
[Time "08:28:47"]
[TimeControl "2700+45"]

1. d4 d5 2. Nf3 Nc6 3. Bf4 Nf6 4. e3 Bf5 5. Nbd2 Nb4 6. c4 Nc2+ 7. Ke2 c6 8. Rc1
Nb4 9. Qb3 e6 10. Nh4 Bd3+ 11. Kd1 dxc4 12. Qa4 b5 13. Qa3 Ng4 14. Bg3 Bd6 15.
Rg1 Be7 16. Bxd3 Nxd3 17. Qc3 Nxc1 18. Kxc1 Bxh4 19. Bxh4 Qxh4 20. g3 Qf6 21.
Ne4 Qe7 22. h3 Nf6 23. Nxf6+ Qxf6 24. f4 Qf5 25. b3 Qd3 26. Qb2 Qxe3+ 27. Kc2
Qxg1 28. bxc4 Qf2+ 29. Kb3 Qxb2+ 30. Kxb2 bxc4 {White resigns} 0-1

[Event "Team 45 45 League T77"]
[Site "Internet Chess Club"]
[Date "2018.07.22"]
[Round "5"]
[White "filmdirector"]
[Black "Egmont"]
[Result "1-0"]
[WhiteElo "1686"]
[BlackElo "1560"]
[Opening "French: exchange variation"]
[ECO "C01"]
[Time "12:10:20"]
[TimeControl "2700+45"]

1. e4 e6 2. d4 d5 3. exd5 exd5 4. Nf3 Bd6 5. Bd3 Nc6 6. c3 Nge7 7. O-O Bg4 8.
Nbd2 Qd7 9. h3 Bf5 10. Bb5 a6 11. Ba4 h6 12. Re1 O-O 13. Nf1 b5 14. Bb3 Na5 15.
Ne5 Bxe5 16. Rxe5 Nc4 17. Re1 Rfe8 18. Ne3 Bg6 19. a4 Nf5 20. Nxf5 Rxe1+ 21.
Qxe1 Bxf5 22. axb5 Qxb5 23. Ba4 Qb6 24. b3 Na5 25. Qe5 Be6 26. Rb1 Nc4 27. Qg3
Bf5 28. Ra1 Na5 29. Bf4 Rc8 30. Re1 c5 31. dxc5 Qxc5 32. b4 Qxc3 33. Re8+ Kh7
34. Rxc8 Qe1+ 35. Kh2 Bxc8 36. bxa5 Qxa5 37. Bc2+ g6 38. Be3 Qb4 39. Qe5 Be6 40.
Bd4 Qf8 41. h4 h5 42. Qxh5+ {Black resigns} 1-0

[Event "Team 45 45 League T77"]
[Site "Internet Chess Club"]
[Date "2018.07.19"]
[Round "5"]
[White "AVEMARIA"]
[Black "Chessfish"]
[Result "1-0"]
[WhiteElo "1627"]
[BlackElo "1708"]
[Opening "Giuoco Pianissimo"]
[ECO "C55"]
[Time "17:01:13"]
[TimeControl "2700+45"]

1. e4 e5 2. Bc4 Nc6 3. Nf3 Nf6 4. d3 Bc5 5. c3 d6 6. O-O O-O 7. Bb3 Bg4 8. h3
Bh5 9. Re1 Re8 10. Nbd2 d5 11. exd5 Nxd5 12. Ne4 Bb6 13. Bg5 f6 14. Be3 Kh8 15.
Bxb6 axb6 16. Ng3 Bg6 17. Nh4 Nce7 18. d4 exd4 19. Nxg6+ hxg6 20. Qxd4 g5 21.
Rad1 Ra5 22. Qg4 Qc8 23. Qh5+ Kg8 24. Rxd5 g6 25. Rd8+ Kg7 26. Rxe7+ Kf8 27.
Rexe8+ {Black resigns} 1-0

[Event "Team 45 45 League T77"]
[Site "Internet Chess Club"]
[Date "2018.07.20"]
[Round "5"]
[White "julesraider"]
[Black "DaveTheRook"]
[Result "0-1"]
[WhiteElo "1514"]
[BlackElo "1606"]
[Opening "Catalan: closed"]
[ECO "E01"]
[Time "16:00:46"]
[TimeControl "2700+45"]

1. d4 Nf6 2. c4 e6 3. g3 d5 4. Bg2 c6 5. Nf3 Nbd7 6. O-O Be7 7. Nc3 O-O 8. b3
Re8 9. Bb2 a6 10. e3 Rb8 11. Re1 c5 12. cxd5 exd5 13. Qd3 b5 14. dxc5 Nxc5 15.
Qd4 Ne6 16. Qd3 Bb7 17. Red1 b4 18. Na4 Ne4 19. Rac1 Bf6 20. Ne5 Qe7 21. Nc6
Bxc6 22. Rxc6 Bxb2 23. Nxb2 Red8 24. Na4 a5 25. Rdc1 Qf6 26. f3 Nc3 27. Nxc3
bxc3 28. R1xc3 g6 29. Kf2 d4 30. exd4 Rxd4 31. Qe3 Rbd8 32. Bf1 Rd2+ 33. Be2 Kg7
34. a4 Rb2 35. f4 Rdd2 36. Kf3 Rxe2 37. Qb6 Nd4+ 38. Kg4 Qf5+ 39. Kh4 Qh5#
{White checkmated} 0-1

[Event "Team 45 45 League T77"]
[Site "Internet Chess Club"]
[Date "2018.07.19"]
[Round "5"]
[White "bayoumicardio10"]
[Black "pokerram"]
[Result "0-1"]
[WhiteElo "1624"]
[BlackElo "1615"]
[Opening "Sicilian, Chekhover variation"]
[ECO "B53"]
[Time "19:00:27"]
[TimeControl "2700+45"]

1. e4 c5 2. Nf3 d6 3. d4 cxd4 4. Qxd4 Nc6 5. Bb5 Bd7 6. Bxc6 Bxc6 7. O-O e5 8.
Qd3 Nf6 9. Bg5 Be7 10. Bxf6 Bxf6 11. Nc3 O-O 12. Nd2 Qc7 13. Nc4 Rfd8 14. Ne3
Bg5 15. Ned5 Qd7 16. Qg3 Be7 17. Rad1 Rab8 18. f4 f6 19. f5 b5 20. b4 Bxd5 21.
Nxd5 Rdc8 22. Qb3 Kf8 23. Rd2 Bd8 24. Rf3 Rc4 25. Re2 Bb6+ 26. Kf1 Rbc8 27. Rh3
Kg8 28. Rg3 Kf8 29. Rg4 Bd8 30. Qh3 Kg8 31. c3 a5 32. a3 axb4 33. axb4 Ra8 34.
Re1 Ra2 35. Rh4 Qa7 36. Re3 Rc2 37. Re2 Qa1+ 38. Kf2 Rxe2+ 39. Kxe2 Qa2+ 40. Kf3
Qc2 41. Kg4 Rxe4+ 42. Kh5 Qd2 {White resigns} 0-1

[Event "Team 45 45 League T77"]
[Site "Internet Chess Club"]
[Date "2018.07.20"]
[Round "5"]
[White "az2112"]
[Black "mongmong"]
[Result "1-0"]
[WhiteElo "1543"]
[BlackElo "1453"]
[Opening "French: exchange variation"]
[ECO "C01"]
[Time "20:10:27"]
[TimeControl "2700+45"]

1. e4 e6 2. d4 d5 3. exd5 exd5 4. Bd3 Bd6 5. Nf3 Nc6 6. O-O Nge7 7. Re1 Bg4 8.
c3 Qd7 9. h3 Bh5 10. Nbd2 f6 11. Qb3 O-O-O 12. a4 Na5 13. Qb5 Qxb5 14. axb5 b6
15. b4 Bxf3 16. gxf3 Nc4 17. Nxc4 dxc4 18. Be4 Kd7 19. Rxa7 Ke8 20. Bd5 Kf8 21.
Bxc4 g6 22. Bh6+ {Black resigns} 1-0

[Event "Team 45 45 League T77"]
[Site "Internet Chess Club"]
[Date "2018.07.21"]
[Round "5"]
[White "guyd52"]
[Black "zethhon"]
[Result "0-1"]
[WhiteElo "1286"]
[BlackElo "1349"]
[Opening "Réti: King's Indian attack (with ...c5)"]
[ECO "A08"]
[Time "06:01:10"]
[TimeControl "2700+45"]

1. Nf3 d5 2. g3 c5 3. d3 Nc6 4. Bg2 e5 5. O-O Nf6 6. Nbd2 Be7 7. e4 dxe4 8. Nxe4
Nxe4 9. dxe4 Bg4 10. c3 O-O 11. Be3 Qc7 12. Qc2 Rad8 13. Nd2 Be2 14. Rfe1 Bd3
15. Qa4 b5 16. Qd1 Qd6 17. Bf1 Qg6 18. f3 Bg5 19. Bxc5 Bxd2 20. Qxd2 Bxf1 21.
Qf2 Bc4 22. Bxf8 Kxf8 23. b3 Bd3 24. Rad1 b4 25. Qc5+ Qd6 26. Qxd6+ Rxd6 27. c4
Rd4 28. Rd2 Ke7 29. Red1 Be2 30. Rxd4 Nxd4 31. Re1 Nxf3+ 32. Kf2 Nxe1 33. Kxe2
Nc2 34. Kd3 Nd4 35. c5 a5 36. Kc4 Ke6 37. h4 h5 38. Kd3 Kd7 {White resigns} 0-1

[Event "Team 45 45 League T77"]
[Site "Internet Chess Club"]
[Date "2018.07.21"]
[Round "5"]
[White "Pawnchain"]
[Black "Conjurer"]
[Result "1/2-1/2"]
[WhiteElo "1413"]
[BlackElo "1243"]
[Opening "Queen's pawn"]
[ECO "A40"]
[Time "13:01:20"]
[TimeControl "2700+45"]

1. d4 e6 2. Bf4 d5 3. e3 Nf6 4. Nd2 c5 5. c3 Nc6 6. Ngf3 Nh5 7. Bg3 Nxg3 8. hxg3
cxd4 9. exd4 g6 10. Bd3 Bg7 11. Qe2 O-O 12. Ne5 Nxe5 13. dxe5 Qb6 14. Nf3 f6 15.
exf6 Rxf6 16. O-O Bd7 17. Ne5 Qd6 18. Nxd7 Qxd7 19. Rae1 Re8 20. Bb5 Qf7 21.
Bxe8 Qxe8 22. Qd3 Qa4 23. Qe2 Qxa2 24. Ra1 Qb3 25. Rxa7 Qb6 26. Ra8+ Bf8 27. Qd2
Kg7 28. Ra4 Bd6 29. Kh1 Rf5 30. Rh4 h5 31. Rb4 {Game drawn by mutual agreement}
1/2-1/2

[Event "Team 45 45 League T77"]
[Site "Internet Chess Club"]
[Date "2018.07.20"]
[Round "5"]
[White "drsigmund1"]
[Black "idjit"]
[Result "1-0"]
[WhiteElo "1503"]
[BlackElo "1532"]
[Opening "Queen's pawn"]
[ECO "A40"]
[Time "19:01:01"]
[TimeControl "2700+45"]

1. d4 e6 2. Bf4 Nf6 3. e3 Be7 4. Bd3 Nc6 5. c3 d6 6. Nd2 O-O 7. h3 b6 8. Ngf3
Bb7 9. e4 e5 10. Be3 Qd7 11. d5 Nb8 12. O-O c6 13. c4 Na6 14. a3 Nc5 15. Bc2
cxd5 16. cxd5 Ba6 17. Re1 Nd3 18. Bxd3 Bxd3 19. Bg5 Rfc8 20. Re3 Ba6 21. Rc1
Rxc1 22. Qxc1 Rc8 23. Rc3 h6 24. Bxf6 Bxf6 25. Rxc8+ Qxc8 26. Qxc8+ Bxc8 27. Nb1
Ba6 28. Nc3 Bd8 29. b4 Bd3 30. Ne1 Bc4 31. Nc2 Bg5 32. Ne3 Bxe3 33. fxe3 Kh7 34.
Kf2 Kg6 35. Kf3 Kg5 36. g3 a6 37. Na4 b5 38. Nb6 f5 39. Nc8 {Black resigns} 1-0

[Event "Team 45 45 League T77"]
[Site "Internet Chess Club"]
[Date "2018.07.19"]
[Round "5"]
[White "Kingofknights"]
[Black "LuFran"]
[Result "0-1"]
[WhiteElo "1444"]
[BlackElo "1498"]
[Opening "QGA, Bogolyubov variation"]
[ECO "D24"]
[Time "18:01:08"]
[TimeControl "2700+45"]

1. d4 d5 2. c4 dxc4 3. Nf3 Nf6 4. Nc3 a6 5. e4 b5 6. e5 Nd5 7. a4 Nxc3 8. bxc3
Qd5 9. Ba3 Nd7 10. Be2 Bb7 11. O-O Nb6 12. a5 Nd7 13. Ne1 Qe6 14. Bf3 Bxf3 15.
Qxf3 Rb8 16. Nc2 g6 17. Nb4 c5 18. Nc6 Rc8 19. d5 Qf5 20. Qxf5 gxf5 21. f4 e6
22. Rfe1 exd5 23. e6 Rxc6 24. exd7+ Kxd7 25. Re5 d4 26. Rxf5 f6 27. cxd4 cxd4
28. Rd5+ Kc7 29. Rxd4 b4 30. Rad1 bxa3 31. Rd7+ Kc8 32. Rd8+ Kb7 33. Kf1 a2 34.
Ra1 c3 35. Rxa2 c2 {White resigns} 0-1

[Event "Team 45 45 League T77"]
[Site "Internet Chess Club"]
[Date "2018.07.22"]
[Round "5"]
[White "BrianWood"]
[Black "seattleblues"]
[Result "1/2-1/2"]
[WhiteElo "1511"]
[BlackElo "1323"]
[Opening "Catalan: closed, 5.Nf3"]
[ECO "E06"]
[Time "21:00:48"]
[TimeControl "2700+45"]

1. d4 Nf6 2. c4 e6 3. Nf3 d5 4. g3 Be7 5. Bg2 O-O 6. O-O b6 7. Nc3 Bb7 8. cxd5
exd5 9. Bf4 a6 10. Ne5 Nbd7 11. Qb3 c6 12. Nxd7 Nxd7 13. e4 dxe4 14. Nxe4 Nf6
15. Nxf6+ Bxf6 16. Rfd1 b5 17. Rac1 Qd7 18. d5 cxd5 19. Bxd5 Bxd5 20. Rxd5 Qe6
21. Rcd1 Rfd8 22. Rxd8+ Rxd8 23. Rxd8+ Bxd8 24. Qxe6 fxe6 25. b3 {Game drawn by
mutual agreement} 1/2-1/2

[Event "Team 45 45 League T77"]
[Site "Internet Chess Club"]
[Date "2018.07.22"]
[Round "5"]
[White "Just-Jim"]
[Black "oldbookseller"]
[Result "1-0"]
[WhiteElo "1188"]
[BlackElo "977"]
[Opening "Pirc: classical, h3 system"]
[ECO "A04"]
[Time "14:00:49"]
[TimeControl "2700+45"]

1. Nf3 g6 2. d4 Bg7 3. Nc3 d6 4. e4 Nf6 5. h3 O-O 6. e5 dxe5 7. dxe5 Qxd1+ 8.
Nxd1 Ne4 9. Bd3 Bf5 10. Ne3 Nc6 11. O-O Nxe5 12. Nxe5 Bxe5 13. Nd5 Bd4 14. Nxe7+
Kh8 15. Nxf5 Bxf2+ 16. Kh1 Ng3+ 17. Nxg3 Bxg3 18. Be3 Rae8 19. Bc5 Bd6 20. Bxd6
cxd6 21. Bc4 a6 22. Bxf7 Re2 23. Rac1 Re7 24. Bd5 Rfe8 25. b4 b5 26. Bc6 Rd8 27.
Bd5 h5 28. Rf6 g5 29. Rh6+ Kg7 30. Rxh5 Rde8 31. Rxg5+ Kf6 32. Rg3 Re1+ 33. Rxe1
Rxe1+ 34. Kh2 Kf5 35. h4 Ke5 36. Bb7 d5 37. Bxa6 d4 38. Bxb5 Ke4 39. Bd3+ Kf4
40. a4 Ra1 41. a5 Ra4 42. a6 Rxb4 43. a7 Rb8 44. axb8=Q# {Black checkmated} 1-0

[Event "Team 45 45 League T77"]
[Site "Internet Chess Club"]
[Date "2018.07.22"]
[Round "5"]
[White "Scorpius"]
[Black "mongmong"]
[Result "1/2-1/2"]
[WhiteElo "1362"]
[BlackElo "1449"]
[Opening "French: Winawer (Nimzovich) variation"]
[ECO "C15"]
[Time "17:01:12"]
[TimeControl "2700+45"]

1. e4 e6 2. d4 d5 3. Nc3 Bb4 4. exd5 exd5 5. Bd2 Nf6 6. Bd3 O-O 7. Nf3 Re8+ 8.
Be3 c6 9. Qd2 Bg4 10. O-O-O Nbd7 11. a3 Ba5 12. b4 Bc7 13. h3 Bh5 14. g4 Bg6 15.
g5 Ne4 16. Bxe4 dxe4 17. Nh4 Bh5 18. Rdf1 Nb6 19. Nf5 Bg6 20. Nh4 Bh5 21. Nf5
Bg6 22. Nh4 Bh5 {Game drawn by repetition} 1/2-1/2

[Event "Team 45 45 League T77"]
[Site "Internet Chess Club"]
[Date "2018.07.22"]
[Round "5"]
[White "PsyMar"]
[Black "mof63"]
[Result "1-0"]
[WhiteElo "1289"]
[BlackElo "1198"]
[Opening "Caro-Kann: Panov-Botvinnik attack, 5...e6"]
[ECO "B14"]
[Time "13:30:27"]
[TimeControl "2700+45"]

1. e4 c6 2. d4 d5 3. exd5 cxd5 4. c4 Nf6 5. Nc3 e6 6. Nf3 Bb4 7. Ne5 Nc6 8. Nxc6
bxc6 9. Qa4 Bxc3+ 10. bxc3 Bd7 11. Rb1 O-O 12. c5 Qc7 13. g3 Rfb8 14. Rxb8+ Qxb8
15. Qc2 Qb7 16. Bd3 Rb8 17. Bf4 Re8 18. O-O Ra8 19. Rb1 Qc8 20. Qa4 Ne4 21. Qa3
Nf6 22. f3 Nh5 23. Bd6 Qd8 24. Rb7 Nf6 25. Rxa7 Rxa7 26. Qxa7 Ne8 27. Qb8 Qxb8
28. Bxb8 Bc8 29. a4 f5 30. a5 Bb7 31. a6 Ba8 32. Kf2 Kf7 33. Be5 Nf6 34. g4 g6
35. Kg3 Nd7 36. h4 Nxe5 37. dxe5 Ke7 38. gxf5 gxf5 39. Kf4 h6 40. h5 Kd7 41. Ke3
Kc7 42. f4 Kc8 43. Kd2 Kb8 44. Kc2 Kc8 45. Kb3 Kb8 46. Ka4 Kc8 47. Ka5 Kc7 48.
Be2 {Black resigns} 1-0

[Event "Team 45 45 League T77"]
[Site "Internet Chess Club"]
[Date "2018.07.21"]
[Round "5"]
[White "GiantsFan"]
[Black "Just-Jim"]
[Result "1-0"]
[WhiteElo "1157"]
[BlackElo "1191"]
[Opening "QGD Slav: 3.Nf3"]
[ECO "D11"]
[Time "11:06:43"]
[TimeControl "2700+45"]

1. d4 d5 2. c4 c6 3. Nf3 Nd7 4. Nc3 e6 5. e3 a6 6. cxd5 cxd5 7. Qa4 h6 8. Bd3
Nf6 9. O-O Bd6 10. Bd2 O-O 11. Rac1 Nb6 12. Qb3 Bd7 13. Ne2 Ba4 14. Qc3 Rc8 15.
Qa5 Rxc1 16. Rxc1 Bd7 17. Bb4 Bc7 18. Bxf8 Na4 19. Qb4 Qxf8 20. Qxf8+ Kxf8 21.
Rxc7 Nxb2 22. Bc2 Bb5 23. Ne5 Bxe2 24. Rxf7+ Kg8 25. Rxb7 Nc4 26. Nxc4 Bxc4 27.
Bg6 Kf8 28. Rf7+ Kg8 29. f3 Bxa2 30. g4 Ne8 31. h4 Nd6 32. Rd7 Nc4 33. Rd8#
{Black checkmated} 1-0

[Event "Team 45 45 League T77"]
[Site "Internet Chess Club"]
[Date "2018.07.21"]
[Round "5"]
[White "WzeroMN"]
[Black "RobertBuice"]
[Result "1-0"]
[WhiteElo "1066"]
[BlackElo "1035"]
[Opening "Ruy Lopez: Berlin defense, 4.O-O, d6"]
[ECO "C66"]
[Time "17:00:46"]
[TimeControl "2700+45"]

1. e4 e5 2. Nf3 Nc6 3. Bb5 Nf6 4. O-O d6 5. Re1 a6 6. Ba4 b5 7. Bb3 Bg4 8. d3
Be7 9. Bd5 Nxd5 10. exd5 Nd4 11. Nbd2 Nxf3+ 12. Nxf3 O-O 13. h3 Bxf3 14. Qxf3
Bh4 15. g3 Bg5 16. Bxg5 Qxg5 17. Qg4 Qxg4 18. hxg4 Rac8 19. f4 exf4 20. gxf4 c6
21. dxc6 Rxc6 22. c3 d5 23. d4 Re6 24. Rxe6 fxe6 25. Re1 Rxf4 26. Rxe6 Rxg4+ 27.
Kf2 Kf7 28. Rxa6 b4 29. a4 bxc3 30. bxc3 h5 31. Kf3 Rg6 32. Rxg6 Kxg6 33. a5 Kg5
34. a6 h4 35. a7 h3 36. Kg3 Kf5 37. Kxh3 g6 38. a8=Q g5 39. Qxd5+ Kf4 40. Qxg5+
Kf3 41. Qg3+ Ke4 42. Qf2 Kd3 43. d5 Kxc3 44. d6 Kc4 45. d7 Kd5 46. d8=Q+ Ke5 47.
Qe2+ Kf4 48. Qf8+ Kg5 49. Qg2+ Kh5 50. Qh8# {Black checkmated} 1-0

[Event "Team 45 45 League T77"]
[Site "Internet Chess Club"]
[Date "2018.07.18"]
[Round "5"]
[White "Balderdash"]
[Black "smsxman"]
[Result "1-0"]
[WhiteElo "1256"]
[BlackElo "1310"]
[Opening "French: Steinitz attack"]
[ECO "C00"]
[Time "12:58:17"]
[TimeControl "2700+45"]

1. e4 e6 2. e5 d6 3. Nf3 dxe5 4. Nxe5 Nf6 5. d4 Bd6 6. Bg5 Be7 7. Bb5+ c6 8. Ba4
Nbd7 9. Nf3 Ne4 10. Be3 Qa5+ 11. c3 Nb6 12. Bc2 O-O 13. Bxe4 Nc4 14. Qd3 Nxb2
15. Qc2 f5 16. Bd3 Nxd3+ 17. Qxd3 Qb6 18. O-O Qb2 19. Nbd2 a5 20. Nc4 Qb5 21.
Rab1 Qa6 22. Rb6 Qa7 23. Rfb1 Bd8 24. R6b3 b5 25. Nd6 Ba6 26. d5 Be7 27. Bxa7
Rxa7 28. dxc6 Rd8 29. Qe3 Rc7 30. Qxe6+ Kh8 31. Nf7+ Kg8 32. Nxd8+ {Black
resigns} 1-0

[Event "Team 45 45 League T77"]
[Site "Internet Chess Club"]
[Date "2018.07.22"]
[Round "5"]
[White "rkjulianjr"]
[Black "guyd52"]
[Result "0-1"]
[WhiteElo "1282"]
[BlackElo "1303"]
[Opening "Queen's pawn: English defense"]
[ECO "A40"]
[Time "07:02:36"]
[TimeControl "2700+45"]

1. d4 b6 2. c4 g6 3. Nc3 Bg7 4. Nf3 Bb7 5. e4 d6 6. Be3 Nf6 7. Be2 Nxe4 8. Qc2
Nxc3 9. Qxc3 O-O 10. O-O-O Nd7 11. h4 h5 12. Rdg1 e5 13. Qd2 exd4 14. Bh6 c5 15.
Bxg7 Kxg7 16. Ng5 Qe7 17. Bf3 Bxf3 18. Nxf3 Rae8 19. g4 Rh8 20. Re1 Qd8 21. Reg1
Nf6 22. gxh5 Rxh5 23. Rg5 Ne4 24. Qf4 Nxg5 25. Nxg5 Qf6 26. Qg4 Qxf2 27. Ne4
Qe3+ 28. Nd2 Qe6 29. Qf3 Qd7 30. Ne4 Qc6 31. Qf6+ Kf8 32. Rf1 Rf5 33. Rxf5 gxf5
34. Qh8+ Ke7 35. Qf6+ Kd7 36. Qxf7+ Kd8 37. Qf6+ Re7 38. Qf8+ Qe8 39. Qf6 Qc6
40. Qf8+ Kd7 41. Nf6+ Ke6 42. Nd5 Qe8 43. Qxe8 Rxe8 44. Nc7+ Ke7 45. Nxe8 Kxe8
46. h5 Kf7 47. Kd2 Kg7 48. Ke2 Kh6 49. Kf3 Kxh5 50. Kf4 Kg6 51. b3 d3 52. Ke3 d2
53. Kxd2 Kg5 54. Ke2 f4 55. Kf3 a6 56. a3 b5 57. Kg2 Kg4 58. Kf2 Kf5 59. Kf3 Ke5
60. cxb5 axb5 61. a4 bxa4 62. bxa4 c4 63. a5 c3 64. Ke2 c2 65. Kd2 f3 66. Kxc2
f2 67. Kd2 f1=Q {White resigns} 0-1

[Event "Team 45 45 League T77"]
[Site "Internet Chess Club"]
[Date "2018.07.19"]
[Round "5"]
[White "Aquaman"]
[Black "oldprez1"]
[Result "1-0"]
[WhiteElo "1201"]
[BlackElo "1240"]
[Opening "English opening"]
[ECO "A16"]
[Time "20:01:14"]
[TimeControl "2700+45"]

1. c4 Nf6 2. Nc3 g6 3. Nf3 Bg7 4. g3 O-O 5. Bg2 d6 6. O-O e5 7. e4 Nc6 8. a3 Bg4
9. Qc2 Qd7 10. Re1 Bxf3 11. Bxf3 Nd4 12. Qd3 a6 13. Ne2 Nxf3+ 14. Qxf3 Qc6 15.
d3 b5 16. b3 bxc4 17. bxc4 Rab8 18. Nc3 Qc5 19. Be3 Qc6 20. Bg5 Rb3 21. Rec1 Nd7
22. Nd5 Kh8 23. Be7 Rfb8 24. Rd1 Qc5 25. Qxf7 c6 26. Nc7 Rxa3 27. Ne6 Rg8 28.
Nxc5 Nxc5 29. Rxa3 {Black resigns} 1-0

[Event "Team 45 45 League T77"]
[Site "Internet Chess Club"]
[Date "2018.07.27"]
[Round "5"]
[White "vedv"]
[Black "tasawyer81"]
[Result "0-1"]
[WhiteElo "1070"]
[BlackElo "1215"]
[Opening "Caro-Kann: advance variation"]
[ECO "B12"]
[Time "18:00:21"]
[TimeControl "2700+45"]

1. e4 c6 2. d4 d5 3. e5 c5 4. c3 Nc6 5. Nf3 Bg4 6. dxc5 Nxe5 7. Be2 Nxf3+ 8.
Bxf3 Bxf3 9. Qxf3 Nf6 10. O-O e5 11. Re1 Qc7 12. Bf4 Qxc5 13. Bxe5 Ne4 14. b4
Qc6 15. a4 Be7 16. b5 Qd7 17. c4 O-O 18. cxd5 Qxd5 19. Rxe4 Rad8 20. Nc3 Qc5 21.
Qg4 g6 22. Qf4 Rfe8 23. Qh6 Bf8 24. Qh3 Rxe5 25. Rxe5 Qxe5 26. g3 Qxc3 27. Rf1
Rd4 28. Qg2 Rxa4 29. Qxb7 Ra1 30. Rxa1 Qxa1+ 31. Kg2 Kg7 32. Kf3 Qh1+ 33. Ke3
Qxb7 34. Kd4 Qxb5 35. Kc3 Bb4+ 36. Kb3 a5 37. Ka2 a4 38. Kb2 a3+ 39. Kb1 Qe2 40.
f4 a2+ 41. Ka1 Bc3# {White checkmated} 0-1

[Event "Team 45 45 League T77"]
[Site "Internet Chess Club"]
[Date "2018.07.21"]
[Round "5"]
[White "seattleblues"]
[Black "g8wrb"]
[Result "1-0"]
[WhiteElo "1315"]
[BlackElo "1306"]
[Opening "Queen's Indian defense"]
[ECO "A47"]
[Time "09:03:31"]
[TimeControl "2700+45"]

1. d4 Nf6 2. Nf3 b6 3. Bf4 Ba6 4. Nbd2 e6 5. c3 Be7 6. h3 O-O 7. e3 Bxf1 8. Nxf1
c5 9. N1d2 Nc6 10. O-O Nd5 11. Bh2 cxd4 12. exd4 Bg5 13. Ne4 Bf4 14. Re1 d6 15.
Qa4 Nce7 16. Rad1 Qc7 17. Re2 Rfc8 18. Ne1 Qc6 19. Qxc6 Rxc6 20. Nd3 Bxh2+ 21.
Kxh2 Nf5 22. Rc2 Nxd4 23. Rcc1 Ne2 24. Rc2 Nd4 25. Rcc1 Nf5 26. c4 Nf6 27. Nxf6+
gxf6 28. Nb4 Rc7 29. g4 Nh4 30. Kg3 Ng6 31. Rxd6 Ne5 32. b3 Rac8 33. Rcd1 Kf8
34. R6d2 Ke7 35. Na6 Rd7 36. Rxd7+ Nxd7 37. Nb4 Nc5 38. f3 a6 39. Nc2 e5 40. Ne3
Ke6 41. Nf5 Rc6 42. Ng7+ Ke7 43. h4 Rd6 44. Nf5+ {Black resigns} 1-0

[Event "Team 45 45 League T77"]
[Site "Internet Chess Club"]
[Date "2018.07.21"]
[Round "5"]
[White "dabodhi"]
[Black "renebonilla1969"]
[Result "0-1"]
[WhiteElo "1305"]
[BlackElo "1156"]
[Opening "Scotch gambit"]
[ECO "C44"]
[Time "16:11:54"]
[TimeControl "2700+45"]

1. e4 e5 2. Nf3 Nc6 3. d4 exd4 4. Bc4 d6 5. Ng5 Nh6 6. h3 Be7 7. Qh5 Ne5 8. Bb3
O-O 9. f4 Ng6 10. O-O Kh8 11. f5 Ne5 12. Bf4 f6 13. Nxh7 Kxh7 14. Qg6+ Nxg6
{White resigns} 0-1

[Event "Team 45 45 League T77"]
[Site "Internet Chess Club"]
[Date "2018.07.22"]
[Round "5"]
[White "SeniorCitizen"]
[Black "SuperPuzzler"]
[Result "0-1"]
[WhiteElo "1242"]
[BlackElo "1322"]
[Opening "Danish gambit: Schlechter defense"]
[ECO "C21"]
[Time "15:00:31"]
[TimeControl "2700+45"]

1. e4 e5 2. d4 exd4 3. c3 dxc3 4. Bc4 cxb2 5. Bxb2 d5 6. Qxd5 Qxd5 7. exd5 Nf6
8. Nf3 Be7 9. O-O O-O 10. Nc3 Nbd7 11. a3 Nb6 12. Ba2 Bg4 13. Ne5 Bh5 14. f3
Bc5+ 15. Kh1 Bd4 16. Nc4 Nbxd5 17. Rfd1 Bxc3 18. Bxc3 Nxc3 19. Rd2 Nxa2 20.
Rdxa2 Rad8 21. Kg1 Rd4 22. Ne3 Rfd8 23. Kf1 Rd3 24. Ke2 Ne4 25. Rd1 Nc3+ {White
resigns} 0-1

[Event "Team 45 45 League T77"]
[Site "Internet Chess Club"]
[Date "2018.07.20"]
[Round "5"]
[White "henrychess99"]
[Black "Andaluz"]
[Result "1-0"]
[WhiteElo "1125"]
[BlackElo "1250"]
[Opening "Caro-Kann: advance variation"]
[ECO "B12"]
[Time "14:32:05"]
[TimeControl "2700+45"]

1. e4 c6 2. d4 d5 3. e5 Bf5 4. Nf3 e6 5. Be3 Bb4+ 6. c3 Be7 7. Bd3 Bxd3 8. Qxd3
Nd7 9. Nbd2 b5 10. b4 a5 11. bxa5 Rxa5 12. Nb3 Ra3 13. O-O b4 14. cxb4 Bxb4 15.
Bg5 Be7 16. Bxe7 Qxe7 17. Rfc1 Nb8 18. Qd2 Nh6 19. Nc5 O-O 20. Qb4 Ra8 21. a4
Na6 22. Qb6 Nxc5 23. dxc5 Qc7 {Black resigns} 1-0

[Event "Team 45 45 League T77"]
[Site "Internet Chess Club"]
[Date "2018.07.20"]
[Round "5"]
[White "awesomefighter"]
[Black "oldbookseller"]
[Result "1-0"]
[WhiteElo "1150"]
[BlackElo "985"]
[Opening "Pirc: classical (two knights) system"]
[ECO "B06"]
[Time "18:04:50"]
[TimeControl "2700+45"]

1. e4 g6 2. d4 Bg7 3. Nf3 d6 4. Nc3 Nf6 5. Bc4 O-O 6. h3 b6 7. O-O c5 8. dxc5
bxc5 9. Re1 Nfd7 10. Bd5 Nb6 11. Bxa8 Nxa8 12. Bf4 Nb6 13. Rb1 N8d7 14. Nd5 e5
15. Be3 Nf6 16. Nxb6 axb6 17. Bg5 Bb7 18. Ra1 Qa8 19. a3 Nxe4 20. Be3 d5 21. b4
d4 22. Bd2 c4 23. Bc1 Nc3 24. Qd2 Ne4 25. Qe2 d3 26. cxd3 Nc3 27. Qc2 e4 28. Bb2
exf3 29. Bxc3 fxg2 30. Bxg7 Rc8 31. Bc3 Rd8 32. dxc4 Qa6 33. Bf6 b5 34. Bxd8
bxc4 35. Qc3 Qc6 36. Bf6 Qb5 37. Rad1 Qh5 38. Re8# {Black checkmated} 1-0